AoeStats
← AOP | Madquimedes

Nomad

510106863Analyzed
2v2 RM · 2d ago on Sep 29, 2026· 38m 11s· 4 players
Game mode
Random Map
Map size
176×176
Population
200
Speed
Normal
Resources
Standard
Victory
Conquest
Starting age
Dark Age
Ending age
Imperial Age
RankedLock teamsTeams togetherTeam positionsShared explorationLock speedFull tech treeHidden civsTurbo modeCheats
Victory
Defeat
🇭🇰 Byzantines · Hong Kong SAR China
1282
+14
🇨🇴 Japanese · Colombia
1232
+16
🇪🇸 Italians · Spain
1346
-19
🇪🇸 Persians · Spain
1138
-11
jairogut
5:20 Loom
13:28 Feudal Age
14:28 Double-Bit Axe
20:44 Castle Age
19:22 Forging
18:54 Man-at-Arms
19:36 Scale Mail Armor
20:48 Long Swordsman
23:03 Gambesons
23:56 Horse Collar
25:40 Fletching
27:29 Arson
27:53 Town Watch
29:55 Wheelbarrow
30:00 Squires
33:03 Chain Mail Armor
32:37 Fishing Lines
36:02 Iron Casting
36:28 Bodkin Arrow
我的农民有八块腹肌
8:12 Loom
13:37 Feudal Age
16:42 Fishing Lines
22:16 Castle Age
20:05 Double-Bit Axe
22:35 Gold Mining
23:48 Medium Warships
24:34 Gillnets
30:02 Stone Mining
33:30 Imperial Age
31:36 Wheelbarrow
32:03 Bow Saw
32:33 Gold Shaft Mining
32:05 Husbandry
32:37 Scale Barding Armor
35:08 Chain Barding Armor
35:48 Stone Shaft Mining
36:40 Conscription
36:56 Plate Barding Armor
37:23 Fervor
36:53 Elite Cataphract
38:14 Forging
AoP | Maddomin E=mc2
6:39 Loom
15:58 Feudal Age
16:35 Double-Bit Axe
16:29 Man-at-Arms
19:23 Horse Collar
28:17 Gold Mining
29:18 Scale Barding Armor
29:24 Forging
29:27 Bloodlines
34:58 Castle Age
34:16 Fletching
36:23 Husbandry
AOP | Madquimedes
5:31 Loom
12:29 Feudal Age
18:22 Castle Age
16:44 Fletching
17:06 Padded Archer Armor
17:17 Double-Bit Axe
17:30 Gold Mining
18:52 Crossbowman
19:53 Bodkin Arrow
28:06 Stone Mining
30:52 Ballistics
33:01 Wheelbarrow
Connection lost

Rejoining the realm…

Still unreachable

The connection could not be restored.

Session expired

The server has moved on; the page needs a fresh start.